 Dungeon Crawl Stone Soup version 0.30.1-11-g7821555f0a (webtiles) character file.

Game seed: 17334490714567161277

149 fireball365 the Chopper (level 5, -6/46 HPs)
             Began as a Hill Orc Fighter on Nov 27, 2023.
             Was an Initiate of Okawaru.
             Mangled by an orc warrior
             ... wielding a +0 long sword
              (8 damage)
             ... on level 4 of the Dungeon.
             The game lasted 00:04:46 (3016 turns).

fireball365 the Chopper (Hill Orc Fighter)          Turns: 3016, Time: 00:04:47

Health: -6/46      AC: 12    Str: 21    XL:     5   Next: 31%
Magic:  5/5        EV: 11    Int:  8    God:    Okawaru [......]
Gold:   119        SH:  0    Dex: 10    Spells: 4/4 levels left

rFire   . . .        m - +0 battleaxe
rCold   . . .        (shield currently unavailable)
rNeg    + . .        f - +0 plate armour
rPois   .            (no helmet)
rElec   .            (no cloak)
rCorr   .            (no gloves)
SInv    .            (no boots)
Will    .....        (no amulet) Stlth
                     i - ring of positive energy
HPRegen 0.27/turn    k - +5 ring of evasion
MPRegen 0.09/turn

%: no passive effects
@: no status effects
A: no striking features
a: Renounce Religion


You were on level 4 of the Dungeon.
You worshipped Okawaru.
Okawaru was noncommittal.
You visited 1 branch of the dungeon, and saw 4 of its levels.

You collected 155 gold pieces.
You spent 36 gold pieces at shops.

Inventory:

Hand Weapons
 a - a +0 war axe
 m - a +0 battleaxe (weapon)
Armour
 b - a +0 scale mail
 c - a +0 buckler
 f - a +0 plate armour (worn)
Jewellery
 i - a ring of positive energy (left hand)
 k - a +5 ring of evasion (right hand)
 p - a ring of willpower
 r - a ring of positive energy
Scrolls
 e - 4 scrolls of identify {unknown}
 l - a scroll of enchant armour {unknown}
 n - 2 scrolls of teleportation {unknown}
 o - a scroll of fear {unknown}
Potions
 d - a potion of might
 g - 4 potions of curing
 h - 2 potions of heal wounds {unknown}
 j - a potion of lignification {unknown}
 q - 3 potions of attraction {unknown}
 s - a potion of ambrosia {unknown}


   Skills:
 + Level 4.3 Fighting
 + Level 4.7 Axes
 + Level 4.4 Armour
 + Level 0.9 Dodging
 + Level 3.7 Shields


You had 4 spell levels left.
You didn't know any spells.
Your spell library contained the following spells:

 Spells                   Type           Power      Damage    Failure   Level
 Cigotuvi's Dreadful Rot  Necr/Pois/Air  0%         N/A       100%        2
 Vhi's Electric Charge    Tloc/Air       0%         N/A       100%        3
 Dispel Undead            Necr           0%         3d6       100%        4
 Arcjolt                  Conj/Air       0%         1d10      100%        5
 Plasma Beam              Fire/Air       0%         2x1d11    100%        6
 Death Channel            Necr           Unusable   N/A       N/A         6

Dungeon Overview and Level Annotations

Branches:
Dungeon (4/15)
 Temple: D:4-7

Altars:
Okawaru
Qazlal

Shops:
D:1 !


Message History

The orc warrior hits you with a +0 long sword.
You barely miss the orc warrior. The orc warrior barely misses you.
The orc warrior hits you with a +0 long sword.
You slash the orc warrior!
The orc warrior is moderately wounded.
The orc warrior hits you with a +0 long sword!
You hit the orc warrior but do no damage.
The orc warrior is moderately wounded.
The orc warrior hits you but does no damage.
The orc warrior closely misses you.
You barely miss the orc warrior.
The orc warrior is moderately wounded.
The orc warrior hits you with a +0 long sword.
You hit the orc warrior.
The orc warrior is heavily wounded.
The orc warrior hits you but does no damage.
The orc warrior hits you with a +0 long sword.
You closely miss the orc warrior.
The orc warrior is heavily wounded.
The orc warrior hits you but does no damage.
You hit the orc warrior but do no damage.
The orc warrior is heavily wounded.
The orc warrior hits you with a +0 long sword.
The orc warrior hits you with a +0 long sword!
You closely miss the orc warrior.
The orc warrior is heavily wounded.
The orc warrior completely misses you.
You closely miss the orc warrior.
The orc warrior is heavily wounded.
The orc warrior hits you with a +0 long sword!
* * * LOW HITPOINT WARNING * * *
The orc warrior hits you with a +0 long sword.
* * * LOW HITPOINT WARNING * * *
You closely miss the orc warrior.
The orc warrior is heavily wounded.
The orc warrior barely misses you.
You barely miss the orc warrior.
The orc warrior is heavily wounded.
The orc warrior hits you with a +0 long sword!
You die...

#.........#.#...........#
###########.###########.#
.># #.# ### #.# #.#
########## #.# . #........#
#.#
...§#........############.#
....§.^......ooo@)........#
...##........##############
#.!......# #........#
##########


You could see an orc warrior and 2 orcs.

Vanquished Creatures
  A hound (D:3)
  4 adders
  2 worms
  4 dart slugs
  6 orcs
  6 ball pythons
  5 endoplasms
  2 giant cockroaches
  6 goblins
  5 hobgoblins
  2 jackals (D:3)
  A quokka (D:1)
  3 bats (D:2)
  2 frilled lizards
  8 kobolds
  6 rats
63 creatures vanquished.

Notes
Turn   | Place    | Note
-------+----------+-------------------------------------------
     0 | D:1      | fireball365 the Hill Orc Fighter began the quest for the
                  | Orb.
     0 | D:1      | Reached XP level 1. HP: 19/19 MP: 1/1
    82 | D:1      | Found Rommonko's Distillery.
   294 | D:1      | Found a faded altar of an unknown god.
   302 | D:1      | Reached XP level 2. HP: 22/27 MP: 2/2
   662 | D:1      | Reached XP level 3. HP: 33/33 MP: 3/3
   918 | D:1      | Bought a potion of curing for 36 gold pieces
  1076 | D:2      | Reached XP level 4. HP: 29/40 MP: 4/4
  1460 | D:2      | Found a stormy altar of Qazlal.
  2196 | D:3      | Found an iron altar of Okawaru.
  2383 | D:3      | Reached XP level 5. HP: 41/46 MP: 5/5
  2804 | D:3      | Became a worshipper of Warmaster Okawaru
  2995 | D:4      | Noticed an orc warrior
  3014 | D:4      | HP: 1/46 [orc warrior/+0 long sword (5)]
  3016 | D:4      | Mangled by an orc warrior

Illustrated notes

Levels and vault maps discovered:
D:1:      amcnicky_arrival_wind_blow, layout_loops_ring, serial_shops,
          nicolae_shop_rolling_square, hellmonk_ecumenical_altar_slurped_away
D:2:      layout_basic, basic_altar
D:3:      layout_loops_corners, okawaru_altar_gauntlet_db, serial_forest,
          infiniplex_forest_lined_corner, infiniplex_forest_clump_medium,
          infiniplex_forest_clump_small, infiniplex_forest_lined_corner,
          infiniplex_forest_zigzag_1, infiniplex_forest_lined_2,
          infiniplex_forest_clump_small, chequers_serial_rivers_micro_b,
          hangedman_decor_push
D:4:      layout_basic, nicolae_vehumet_altar_sigil, minmay_crystal_water,
          kennysheep_generic_room_12

Skill      XL: |  1  2  3  4 |
---------------+-------------+-----
Axes           | 3 4 |  4.7
Fighting       | 4 |  4.3
Armour         | 4 |  4.4
Dodging        | |  0.9
Shields        | |  3.7

Action                     |  1- 3 |  4- 6 || total
---------------------------+-------+-------++-------
  Melee: War axe           |    64 |       ||    64
         Battleaxe         |    39 |   138 ||   177
 Armour: Scale mail        |    33 |       ||    33
         Plate armour      |    27 |    79 ||   106
  Dodge: Dodged            |    71 |    85 ||   156
  Block: Buckler           |    13 |       ||    13
